 Dungeon Crawl Stone Soup version 0.32-a0-616-g9348d4545b (webtiles) character file.

Game seed: 8042296511714188527

27362 javelincjr the Fighter (level 13, -1/99 HPs)
             Began as a Djinni Hedge Wizard on Mar 5, 2024.
             Was an Elder of Qazlal.
             Slain by a yak (8 damage)
             ... on level 1 of the Lair of Beasts on Mar 6, 2024.
             The game lasted 01:17:39 (16435 turns).

javelincjr the Fighter (Djinni Hedge Wizard)       Turns: 16435, Time: 01:17:40

Health: -1/99      AC: 10    Str:  9    XL:     13   Next: 65%
Gold:   804        EV: 13    Int: 34    God:    Qazlal [****..] SH: 10 Dex: 13

rFire   + + .        k - staff of conjuration
rCold   x . .        (no shield)
rNeg    . . .        O - +3 ring mail of Epown {Will- rCorr MP+9 Int+7}
rPois   ∞            K - +0 helmet
rElec   .            (no cloak)
rCorr   +            L - +0 pair of gloves
SInv    .            (boots unavailable)
Will    .....        N - amulet of reflection
Stlth   ++           b - ring of wizardry
HPRegen 0.36/turn    G - +6 ring of intelligence
MPRegen 0.00/turn

%: repel missiles, reflection, wizardry (x1), infuse magic (-2 HP)
@: on blink cooldown, flying, studying Throwing
A: sickness immunity, fire resistance 2, cold vulnerability 1, float, innate
caster, HP casting, extra vitality 1
a: Renounce Religion, Upheaval, Elemental Force


You were on level 1 of the Lair of Beasts.
You worshipped Qazlal.
Qazlal was greatly pleased with you.
You visited 3 branches of the dungeon, and saw 14 of its levels.
You also visited: Bailey.

You collected 908 gold pieces.
You spent 104 gold pieces at shops.

Inventory:

Hand Weapons
 f - a +0 sling of flaming
 l - a +2 trident of flaming
 y - a +3 trident of venom
 T - a +2 whip of holy wrath
 Y - a +5 broad axe
Missiles
 c - a throwing net
 g - 37 boomerangs
 h - 26 poisoned darts
 t - 3 silver javelins
Armour
 d - the +3 robe "Eloqonn" {Rampage *Corrode Int-4 Archmagi}
   (You found it on level 10 of the Dungeon)

   Int-4:     It affects your intelligence (-4).
   *Corrode:  It may corrode you when you take damage.
   Rampage:   It bestows one free step when moving towards enemies.
   Archmagi:  It increases the power of your magical spells.
 E - a +3 leather armour of positive energy
 K - a +0 helmet (worn)
 L - a +0 pair of gloves (worn)
 O - the +3 ring mail of Epown (worn) {Will- rCorr MP+9 Int+7}
   (You found it on level 8 of the Dungeon)

   Int+7:     It affects your intelligence (+7).
   Will-:     It decreases your willpower.
   MP+9:      It affects your magic capacity (+9).
   rCorr:     It protects you from acid and corrosion.
 S - a +0 kite shield of reflection
 U - a +0 troll leather armour
Magical Staves
 k - a staff of conjuration (weapon)
Jewellery
 b - a ring of wizardry (left hand)
 p - a ring of fire
 B - a ring of wizardry
 C - a ring of positive energy
 F - a +4 ring of protection
 G - a +6 ring of intelligence (right hand)
 M - a +5 ring of evasion
 N - an amulet of reflection (around neck)
 P - a +6 ring of strength
 R - a +6 ring of dexterity
Wands
 m - a wand of polymorph (21)
 o - a wand of mindburst (7)
 H - a wand of light (12)
 I - a wand of flame (23)
 J - a wand of iceblast (11)
Scrolls
 e - a scroll of noise {unknown}
 i - 3 scrolls of poison
 j - 3 scrolls of fear {unknown}
 v - 2 scrolls of fog
 x - 3 scrolls of blinking
 A - 7 scrolls of teleportation
 D - a scroll of immolation
 Q - a scroll of enchant weapon
 W - a scroll of summoning {unknown}
Potions
 a - 2 potions of magic {unknown}
 n - 2 potions of resistance
 q - 3 potions of lignification
 r - 6 potions of curing
 s - a potion of brilliance {unknown}
 u - a potion of enlightenment
 w - 3 potions of haste
 z - 2 potions of cancellation
 V - 3 potions of heal wounds
 X - a potion of mutation {unknown}
 Z - 2 potions of might


   Skills:
 * Level 11.5 Fighting
 + Level 7.1 Staves
 - Level 2.5 Armour
 + Level 9.2 Dodging
 + Level 7.6 Stealth
 * Level 8.9 Spellcasting
 * Level 8.9 Conjurations
 * Level 8.9 Hexes
 * Level 8.9 Summonings
 * Level 8.9 Necromancy
 * Level 8.9 Translocations
 * Level 8.9 Fire Magic
 * Level 8.9 Ice Magic
 * Level 8.9 Air Magic
 * Level 8.9 Earth Magic
 * Level 8.9 Alchemy
 + Level 6.1 Invocations
 - Level 2.5 Evocations


You knew the following spells:

 Your Spells              Type           Power      Damage    Failure   Level
a - Magic Dart            Conj           100%       1d8       1%          1
b - Slow                  Hex            100%       N/A       1%          1
c - Blink                 Tloc           100%       N/A       1%          2
d - Call Imp              Summ           100%       N/A       1%          2
e - Mephitic Cloud        Conj/Alch/Air  85%        N/A       1%          3
f - Foxfire               Conj/Fire      100%       2x1d9     1%          1
g - Momentum Strike       Conj/Tloc      100%       3d10      1%          2
h - Dazzling Flash        Conj/Hex       100%       N/A       1%          3
i - Summon Ice Beast      Ice/Summ       66%        N/A       1%          3
j - Manifold Assault      Tloc           66%        N/A       1%          4
k - Borgnjor's Vile Clut  Necr/Erth      33%        N/A       2%          5
Your spell library was empty.

Dungeon Overview and Level Annotations

Branches:
Dungeon (11/15)            Temple (1/1) D:6            Lair (2/5) D:11
    Orc (0/2) D:10         Bailey (visited)
  Swamp: Lair:2-3    Shoals: Lair:2-3     Snake: Lair:2-3    Spider: Lair:2-3

Altars:
Ashenzari
Cheibriados
Dithmenos
Elyvilon
Fedhas
Gozag
Hepliaklqana
Makhleb
Nemelex Xobeh
Okawaru
Qazlal
Ru
Trog
Uskayaw
Wu Jian
Xom
Yredelemnul
Zin
The Shining One
Beogh

Shops:
D:3 ?

Portals:
Trove: D:10 (give +5 ice dragon scales)


Innate Abilities, Weirdness & Mutations

You are immune to sickness and miasma.
You are immune to poison.
Your flesh is very heat resistant. (rF++)
You are vulnerable to cold. (rC-)
You float through the air rather than walking.
You learn spells naturally, not from books.
Your magical power is your life essence.
You have superior vitality. (+4 MHP)


Message History

The cane toad is engulfed in blazing flames.
Casting: Summon Ice Beast (safe; 1% risk of failure)
Confirm with . or Enter, or press ? or * to list all spells.
A chill wind blows around you.
Casting: Summon Ice Beast (safe; 1% risk of failure)
Confirm with . or Enter, or press ? or * to list all spells.
A tiny devil pulls itself out of the air.
Casting: Call Imp (safe; 1% risk of failure)
Confirm with . or Enter, or press ? or * to list all spells.
Casting: Dazzling Flash (safe; 1% risk of failure)
Press: ? - help, Dir - look around, f - activate You feel a surge of power!
Your ice beast is dazzled.
The cane toad is dazzled. x2
Your cerulean imp is dazzled.
* * * LOW HITPOINT WARNING * * *
The wolf bites you but does no damage.
The cane toad is engulfed in freezing vapours.
The cane toad seems to slow down.
The cane toad stings you!
* * * LOW HITPOINT WARNING * * *
You block the wolf's attack.
Your cerulean imp closely misses the cane toad.
You swap places.
The wolf closely misses your ice beast.
The cane toad is engulfed in freezing vapours.
The cane toad seems to slow down.
Your cerulean imp is engulfed in a thunderstorm.
Casting: Dazzling Flash (safe; 1% risk of failure)
Confirm with . or Enter, or press ? or * to list all spells.
You blink.
* * * LOW HITPOINT WARNING * * *
The wolf bites you.
* * * LOW HITPOINT WARNING * * *
Your cerulean imp is engulfed in freezing vapours.
You kill your cerulean imp!
Your cerulean imp disappears in a puff of smoke!
The yak snorts and paws the ground.
Your ice beast hits the cane toad but does no damage.
The wolf attacks as it pursues you! You block the wolf's attack.
The yak gores you!
You die...

####P..## ###..# ##.########
#..##.§..# ##.#.Y~..##
#.○.#F°~.!# ### #..F.♣~~..#
####.## #P.hY.~..## ### ....#.#
##P@.....## ##.# +.....##
##○.☼....## ##..# #......## ###
##........###...#
....ß...###.###......##......##
.........##†.##...#..###....##
###......F.#.....###.# ##...#
.#.#.#..ß..###.### ### ###.#
...........Y.#.ß.## #.##
............#.....# #..#


You could see a yak, 2 cane toads, a wolf and a friendly ice beast (summoned,
blind).

Vanquished Creatures
  An orc warlord (Bailey)
  Erica (D:8)
  2 two-headed ogres
  Urug (Lair:1)
  2 cyclopes (D:11)
  A black mamba (Lair:1)
  A cane toad (Lair:1)
  A rime drake (Lair:2)
  A komodo dragon (D:11)
  A troll (D:9)
  11 blink frogs
  2 wyverns
  3 wraiths (D:11)
  8 yaks
  A steam dragon (D:9)
  Eustachio (D:6)
  5 vampire mosquitoes
  Menkaure (D:5)
  7 water moccasins
  2 black bears
  8 orc warriors
  2 ice beasts
  3 sky beasts
  2 centaurs
  2 ogres (D:5)
  9 wolves
  2 phantoms
  A weeping skull (D:5)
  3 bullfrogs
  2 gnoll sergeants
  2 kobold brigands
  4 scorpions
  11 wights
  2 jellies
  2 killer bees (D:10)
  A howler monkey (D:9)
  An electric eel (D:10)
  A gnoll bouda (D:7)
  2 hounds
  4 orc priests
  An iguana (D:7)
  Jessica (D:3)
  12 orc wizards
  19 gnolls
  8 adders
  A shadow imp (D:6)
  3 white imps
  4 ufetubi
  The ghost of DeathSocks the Sneak, a weakling MiDe (D:6)
  34 orcs
  4 endoplasms
  5 giant cockroaches
  9 goblins
  14 hobgoblins
  3 jackals (D:1)
  30 kobolds
  3 quokkas
  6 ball pythons
  4 bats
  2 frilled lizards (D:1)
  A rat (D:1)
  A spectral orc (D:5)
  3 foxfires
286 creatures vanquished.

Vanquished Creatures (collateral kills)
  A two-headed ogre (D:11)
  A troll (D:10)
  2 blink frogs (Lair:1)
  A vampire (D:9)
  A wraith (D:10)
  5 yaks
  A wyvern (D:7)
  A basilisk (Lair:1)
  3 water moccasins
  An orc warrior (D:9)
  2 wolves (Lair:1)
  A bullfrog (Lair:1)
  3 gnoll sergeants
  3 wights (D:8)
  4 killer bees (D:10)
  3 howler monkeys (D:7)
  A bombardier beetle (D:3)
  A jelly (D:2)
  5 orc priests
  3 orc wizards (D:9)
  An adder (D:2)
  12 gnolls
  7 orcs
  A ball python (D:2)
  An endoplasm (D:2)
  A goblin (D:2)
  2 kobolds
  2 quokkas (D:2)
  A bat (D:2)
  A rat (D:2)
  8 foxfires (Lair:1)
80 creatures vanquished.

Vanquished Creatures (others)
  2008 foxfires
2008 creatures vanquished.

Grand Total: 2374 creatures vanquished

Notes
Turn   | Place    | Note
-------+----------+-------------------------------------------
     0 | D:1      | javelincjr the Djinni Hedge Wizard began the quest for the
                  | Orb.
     0 | D:1      | javelincjr set off with the following spells memorised:
                  | Magic Dart, Slow, Blink, Call Imp, Mephitic Cloud.
     0 | D:1      | Reached XP level 1. HP: 15/15 MP: 0/0
   126 | D:1      | Reached XP level 2. HP: 9/22 MP: 0/0
   361 | D:1      | Reached skill level 1 in Fighting
   517 | D:1      | Reached XP level 3. HP: 26/27 MP: 0/0
   517 | D:1      | Learned a level 1 spell: Foxfire
   934 | D:2      | Reached XP level 4. HP: 30/33 MP: 0/0
   981 | D:2      | Reached skill level 2 in Fighting
  1240 | D:2      | Reached XP level 5. HP: 34/38 MP: 0/0
  1240 | D:2      | Learned a level 2 spell: Momentum Strike
  1697 | D:3      | Noticed Jessica
  1704 | D:3      | Killed Jessica
  1903 | D:3      | Reached XP level 6. HP: 34/45 MP: 0/0
  1957 | D:3      | Reached skill level 3 in Fighting
  2069 | D:3      | Found a burning altar of Makhleb.
  2198 | D:3      | Found Abablogu's Magic Scroll Shoppe.
  2202 | D:3      | Bought a scroll of blinking for 82 gold pieces
  2202 | D:3      | Bought a scroll of identify for 22 gold pieces
  2334 | D:3      | Found a faded altar of an unknown god.
  2702 | D:4      | Reached skill level 1 in Staves
  2702 | D:4      | Reached XP level 7. HP: 45/50 MP: 0/0
  2702 | D:4      | Learned a level 3 spell: Dazzling Flash
  3467 | D:5      | Entered Level 5 of the Dungeon
  3516 | D:5      | Noticed Menkaure
  3522 | D:5      | Killed Menkaure
  3562 | D:5      | Reached skill level 4 in Fighting
  3770 | D:5      | Reached XP level 8. HP: 49/58 MP: 0/0
  4139 | D:5      | Reached skill level 5 in Fighting
  4263 | D:5      | Reached skill level 5 in Spellcasting
  4263 | D:5      | Reached skill level 5 in Conjurations
  4263 | D:5      | Reached skill level 5 in Hexes
  4263 | D:5      | Reached skill level 5 in Summonings
  4263 | D:5      | Reached skill level 5 in Necromancy
  4263 | D:5      | Reached skill level 5 in Translocations
  4263 | D:5      | Reached skill level 5 in Fire Magic
  4263 | D:5      | Reached skill level 5 in Ice Magic
  4263 | D:5      | Reached skill level 5 in Air Magic
  4263 | D:5      | Reached skill level 5 in Earth Magic
  4263 | D:5      | Reached skill level 5 in Alchemy
  4473 | D:5      | Found a basalt altar of Yredelemnul.
  4824 | D:6      | Reached XP level 9. HP: 62/66 MP: 0/0
  4824 | D:6      | Learned a level 3 spell: Summon Ice Beast
  4875 | D:6      | Found a runed translucent door.
  4881 | D:6      | Noticed Eustachio
  4904 | D:6      | Killed Eustachio
  4905 | D:6      | Reached skill level 5 in Dodging
  4946 | D:6      | Noticed DeathSocks's ghost (weakling MiDe)
  4955 | D:6      | Reached skill level 6 in Fighting
  4960 | D:6      | Killed DeathSocks's ghost
  5207 | D:6      | Found a staircase to the Ecumenical Temple.
  5216 | Temple   | Entered the Ecumenical Temple
  5225 | Temple   | Became a worshipper of Qazlal Stormbringer
  6542 | D:7      | Reached skill level 7 in Fighting
  6622 | D:7      | Reached XP level 10. HP: 69/75 MP: 0/0
  6630 | D:7      | Reached * piety under Qazlal
  7204 | D:8      | Reached skill level 5 in Stealth
  7357 | D:8      | Reached skill level 1 in Invocations
  7477 | D:8      | Noticed Erica
  7484 | D:8      | Killed Erica
  7495 | D:8      | Identified the +3 ring mail of Epown {Will- rCorr MP+9
                  | Int+7}
  7512 | D:8      | Noticed a two-headed ogre
  7521 | D:8      | Killed a two-headed ogre
  7522 | D:8      | Reached skill level 8 in Fighting
  8644 | D:9      | Reached XP level 11. HP: 73/82 MP: 0/0
  8644 | D:9      | Learned a level 4 spell: Manifold Assault
  9031 | D:9      | Reached skill level 5 in Staves
  9227 | D:9      | Reached ** piety under Qazlal
 10100 | D:9      | Reached skill level 9 in Fighting
 10252 | D:10     | Entered Level 10 of the Dungeon
 10312 | D:10     | Noticed a two-headed ogre
 10321 | D:10     | Killed a two-headed ogre
 10447 | D:10     | Found a portal to a secret trove of treasure.
 10470 | D:10     | Found a staircase to the Orcish Mines.
 10497 | D:10     | Found a roughly hewn altar of Beogh.
 10632 | D:10     | Found a white marble altar of Elyvilon.
 10647 | D:10     | Found a flagged portal.
 10712 | Bailey   | Entered a bailey
 10843 | Bailey   | Noticed an orc warlord
 10881 | Bailey   | Reached *** piety under Qazlal
 11262 | Bailey   | Found a runed translucent gate.
 11265 | Bailey   | Found a runed translucent gate.
 11266 | Bailey   | Found a runed translucent gate.
 11528 | Bailey   | Killed an orc warlord
 11707 | Bailey   | Reached skill level 10 in Fighting
 11707 | Bailey   | Reached XP level 12. HP: 91/91 MP: 0/0
 12305 | D:10     | Identified the +3 robe "Eloqonn" {Rampage *Corrode Int-4
                  | Archmagi}
 12922 | D:11     | Noticed a two-headed ogre
 12928 | D:11     | Killed a two-headed ogre
 12929 | D:11     | Reached skill level 5 in Invocations
 13122 | D:11     | Reached XP level 13. HP: 73/97 MP: 0/0
 13122 | D:11     | Learned a level 5 spell: Borgnjor's Vile Clutch
 13443 | D:11     | Reached **** piety under Qazlal
 13607 | D:11     | Found a staircase to the Lair.
 14014 | Lair:1   | Entered Level 1 of the Lair of Beasts
 14606 | Lair:1   | Reached skill level 11 in Fighting
 15220 | Lair:1   | Noticed Urug
 15241 | Lair:1   | Killed Urug
 16435 | Lair:1   | Slain by a yak

Illustrated notes

Levels and vault maps discovered:
D:1:      dpeg_arrival_erosion, layout_rooms, hex_intersection,
          minmay_gold_behind_fungi
D:2:      layout_basic, chequers_serial_rivers_marsh, minmay_goblin_kobold_house
D:3:      layout_rooms, mainiacjoe_overflow_alcove_4,
          ebering_ecumenical_altar_sacrificial, serial_shops,
          nicolae_shop_rolled_up, moated_statue, corexii_hall_statues_i,
          grunt_ministairs_10, uniq_jessica
D:4:      layout_loops_corners
D:5:      layout_loops_ring, yredelemnul_forgotten_temple_becter, uniq_menkaure
D:6:      layout_basic, minmay_temple_entry_antechambers, ebering_ghost_sewer_d,
          uniq_eustachio
D:7:      layout_rooms
D:8:      layout_gridville, billiards_dpeg, uniq_erica
D:9:      layout_loops_corners, serial_aquarium, aquarium_bridge_square
          [aquarium_subvault_window, aquarium_subvault_bridge,
          aquarium_subvault_window, aquarium_subvault_balcony],
          aquarium_bridge_long_separate [aquarium_subvault_wall,
          aquarium_subvault_bridge, aquarium_subvault_bridge,
          aquarium_subvault_bridge, aquarium_subvault_bridge,
          aquarium_subvault_bridge], aquarium_window_corridor_3,
          aquarium_window_1, aquarium_window_fake, aquarium_view_2e,
          aquarium_pool_2, st_stairs_10, minmay_quadrilaterals
D:10:     layout_layer_cave, nicolae_elyvilon_temple_path,
          minmay_orc_entry_temple_small, nicolae_trove_entry_crystal,
          enter_bailey_6, lightli_corner_chamber
D:11:     layout_irregular_city, erik_lair_orcish_takeover,
          hangedman_decor_opposing, fiery_altar_vehumet
Temple:   hellmonk_temple_of_storms
Lair:1:   beast_lair_carwin_large_1, layout_cave_pods, serial_bayou_pond_e,
          grunt_megastairs_3, lemuel_fruit_fields, uniq_urug
Lair:2:   nzn_winding_woodlands_cross [nzn_winding_woodlands_5x15_default,
          nzn_winding_woodlands_5x15_concentric,
          nzn_winding_woodlands_5x15_cabin,
          nzn_winding_woodlands_5x15_longhouse,
          nzn_winding_woodlands_15x15_boxy_spiral], layout_hall_layers,
          spider_nest_entry_funnel_web, minivault_11

Skill      XL: |  1  2  3  4  5  6  7  8  9 10 11 12 13 |
---------------+----------------------------------------+-----
Fighting       | 1 2 3 4 5 7 8 10 11 | 11.5
Stealth        | 2 3 4 5 6 7 |  7.6
Dodging        | 3 4 5 6 8 9 |  9.2
Spellcasting   | 4 5 6 7 8 |  8.9
Conjurations   | 4 5 6 7 8 |  8.9
Hexes          | 4 5 6 7 8 |  8.9
Summonings     | 4 5 6 7 8 |  8.9
Necromancy     | 4 5 6 7 8 |  8.9
Translocations | 4 5 6 7 8 |  8.9
Fire Magic     | 4 5 6 7 8 |  8.9
Ice Magic      | 4 5 6 7 8 |  8.9
Air Magic      | 4 5 6 7 8 |  8.9
Earth Magic    | 4 5 6 7 8 |  8.9
Alchemy        | 4 5 6 7 8 |  8.9
Staves         | 1 2 4 6 7 |  7.1
Invocations    | 2 4 5 6 |  6.1
Armour         | 2 |  2.5
Evocations     | 2 |  2.5

Action                     |  1- 3 |  4- 6 |  7- 9 | 10-12 | 13-15 || total
---------------------------+-------+-------+-------+-------+-------++-------
  Melee: Dagger            |     3 |       |       |       |       ||     3
         Spear             |    18 |     1 |       |       |       ||    19
         Staff             |       |    24 |    11 |    32 |    18 ||    85
   Cast: Magic Dart        |    52 |       |     1 |       |       ||    53
         Foxfire           |     7 |   152 |   317 |   510 |   193 ||  1179
         Call Imp          |     3 |     6 |    17 |    39 |    18 ||    83
         Dazzling Flash    |       |       |     2 |     2 |     9 ||    13
         Summon Ice Beast  |       |       |     4 |    28 |    16 ||    48
         Blink             |       |       |     1 |     3 |     7 ||    11
         Manifold Assault  |       |       |       |     4 |       ||     4
         Borgnjor's Vile C |       |       |       |       |    16 ||    16
    Use: Scroll            |       |       |     7 |     9 |     3 ||    19
         Potion            |       |       |       |     3 |       ||     3
   Stab: Distracted        |       |       |     2 |       |     1 ||     3
         Invisible         |       |       |       |       |     2 ||     2
 Armour: Robe              |    15 |    25 |    15 |       |       ||    55
         Leather armour    |       |       |    20 |    10 |       ||    30
         Ring mail         |       |       |       |    98 |    85 ||   183
  Dodge: Dodged            |    12 |    21 |    37 |    90 |    98 ||   258
         Repelled          |       |       |       |       |     1 ||     1
  Block: Other             |       |       |       |    29 |    65 ||    94
         Reflection        |       |       |       |     3 |     2 ||     5

Table legend: (Time is in decaauts)
 A = Elapsed time spent in this place.
 B = Non-inter-level travel time spent in this place.
 C = Inter-level travel time spent in this place.
 D = Time resting spent in this place.
 E = Time spent auto-exploring this place.
 F = Levels seen in this place.
 G = Mean time per level.
                   A        B        C        D        E       F      G
               +--------+--------+--------+--------+--------+-----+--------+
         Total |  16440 |  15916 |    524 |   1695 |  10602 |  15 | 1096.0 |
       Dungeon |  13348 |  12873 |    475 |   1258 |   8724 |  11 | 1213.5 |
        Temple |    169 |    153 |     16 |    148 |      0 |   1 |  169.0 |
          Lair |   1890 |   1858 |     32 |     95 |   1402 |   2 |  945.0 |
        Bailey |   1032 |   1032 |      0 |    194 |    476 |   1 | 1032.0 |
               +--------+--------+--------+--------+--------+-----+--------+

Top non-repeatable levels by time:
     D:9: 1977 daAuts
  Lair:1: 1879 daAuts
    D:11: 1627 daAuts
     D:6: 1546 daAuts
    D:10: 1412 daAuts
     D:8: 1308 daAuts
     D:5: 1213 daAuts
     D:4: 1036 daAuts
  Bailey: 1032 daAuts
     D:2: 918 daAuts
     D:3: 797 daAuts
     D:7: 792 daAuts
     D:1: 717 daAuts
  Temple: 169 daAuts
  Lair:2: 11 daAuts
